TOP OF THE 1ST |
Athletic Club KC U-21 batting - Pitching for Maine Sea Dogs : RHP Ramón Vázquez
|
Pitching: RHP Ramón Vázquez
|
|
Batting: SHB Tosya Mndoyants
|
0-0: Ball 1-0: Ball 2-0: Called Strike 2-1: Swinging Strike 2-2: Strikes out looking
|
Batting: SHB Ross Evans
|
0-0: Called Strike 0-1: Swinging Strike 0-2: Ball 1-2: Ball 2-2: Foul Ball, location: 2F 2-2: Ball 3-2: Foul Ball, location: 2F 3-2: Base on Balls
|
Batting: LHB Greg Flynn
|
0-0: DOUBLE (Line Drive, 89D, EV 110.0 MPH) Ross Evans to third
|
Batting: RHB Pedro Píaz
|
0-0: Ball 1-0: Ball 2-0: Called Strike 2-1: Foul Ball, location: 2F 2-2: Ball 3-2: SINGLE (Groundball, 6, EV 105.0 MPH) (infield hit) Ross Evans scores Greg Flynn to third
|
Batting: LHB Ron Whitney
|
0-0: Called Strike 0-1: Swinging Strike 0-2: Strikes out swinging
|
Batting: SHB Francisco Rojas
|
0-0: Foul Ball, location: 2F 0-1: Swinging Strike 0-2: Foul Ball, location: 2F 0-2: Strikes out looking
|
Top of the 1st over - 1 run, 2 hits, 0 errors, 2 left on base; Athletic Club KC 1 - Maine 0 |
BOTTOM OF THE 1ST |
Maine Sea Dogs batting - Pitching for Athletic Club KC U-21 : RHP Carlos Rosado
|
Pitching: RHP Carlos Rosado
|
|
Batting: RHB Tikaroa Hakapuna
|
0-0: Ball 1-0: Ball 2-0: Called Strike 2-1: Ball 3-1: Base on Balls
|
Batting: RHB Chris Horton
|
0-0: Fielders Choice at 2nd, 4-6 (Groundball, 4, EV 82.5 MPH)
|
Batting: LHB Mark Mears
|
0-0: Ball 1-0: Called Strike 1-1: SINGLE (Flyball, 7S, EV 91.9 MPH) Chris Horton to second
|
Batting: LHB Mike Minor
|
0-0: Called Strike 0-1: Called Strike 0-2: Ball 1-2: SINGLE (Groundball, 3D, EV 98.1 MPH) Chris Horton to third Mark Mears to second Runner from 3rd tries for Home, SAFE, throw by RF to home
|
Batting: RHB Robbie Clark
|
0-0: Swinging Strike 0-1: Ball Wild Pitch! Mark Mears to third Mike Minor to second 1-1: Ground out U3 (Groundball, 3, EV 95.6 MPH)
|
Batting: RHB Jim Abare
|
0-0: Ball 1-0: Ball 2-0: Fly out, F8 (Flyball, 8RS, EV 92.5 MPH)
|
Bottom of the 1st over - 1 run, 2 hits, 0 errors, 2 left on base; Athletic Club KC 1 - Maine 1 |
TOP OF THE 2ND |
Athletic Club KC U-21 batting - Pitching for Maine Sea Dogs : RHP Ramón Vázquez
|
Batting: RHB Neal Lewis
|
0-0: Swinging Strike 0-1: Ball 1-1: Ball 2-1: SINGLE (Line Drive, 7S, EV 100.6 MPH)
|
Batting: RHB Leon Burns
|
0-0: Swinging Strike 0-1: Ball 1-1: Fly out, F9 (Flyball, 89S, EV 96.9 MPH)
|
Batting: RHB William Lane
|
0-0: Ball 1-0: Ball 2-0: Called Strike 2-1: Foul Ball, location: 2F 2-2: Fly out, F4 (Popup, 34, EV 75.0 MPH)
|
Batting: SHB Tosya Mndoyants
|
0-0: Ball 1-0: Foul Ball, location: 2F 1-1: Ball Wild Pitch! Neal Lewis to second 2-1: Ball 3-1: Base on Balls
|
Batting: SHB Ross Evans
|
0-0: Called Strike 0-1: Called Strike 0-2: Strikes out looking
|
Top of the 2nd over - 0 runs, 1 hit, 0 errors, 2 left on base; Athletic Club KC 1 - Maine 1 |
BOTTOM OF THE 2ND |
Maine Sea Dogs batting - Pitching for Athletic Club KC U-21 : RHP Carlos Rosado
|
Batting: LHB Amani Marwan
|
0-0: Called Strike 0-1: Ball 1-1: Foul Ball, location: 2F 1-2: Strikes out swinging
|
Batting: RHB Michael Lindsey
|
0-0: Fly out, F7 (Flyball, 7, EV 81.2 MPH)
|
Batting: RHB Max Brown
|
0-0: Swinging Strike 0-1: Swinging Strike 0-2: Foul Ball, location: 2F 0-2: Strikes out swinging
|
Bottom of the 2nd over - 0 runs, 0 hits, 0 errors, 0 left on base; Athletic Club KC 1 - Maine 1 |
TOP OF THE 3RD |
Athletic Club KC U-21 batting - Pitching for Maine Sea Dogs : RHP Ramón Vázquez
|
Batting: LHB Greg Flynn
|
0-0: Ball 1-0: Called Strike 1-1: Ball 2-1: Foul Ball, location: 2F 2-2: Strikes out swinging
|
Batting: RHB Pedro Píaz
|
0-0: Ball 1-0: SINGLE (Groundball, 56S, EV 61.9 MPH) (infield hit)
|
Batting: LHB Ron Whitney
|
0-0: Ball 1-0: Foul Ball, location: 2F 1-1: Fielders Choice at 2nd, 4-6 (Groundball, 4, EV 84.4 MPH)
|
Batting: SHB Francisco Rojas
|
0-0: Called Strike Ron Whitney steals 2nd base 0-1: Ball 1-1: Swinging Strike 1-2: Ball 2-2: Ball 3-2: Strikes out swinging
|
Top of the 3rd over - 0 runs, 1 hit, 0 errors, 1 left on base; Athletic Club KC 1 - Maine 1 |
BOTTOM OF THE 3RD |
Maine Sea Dogs batting - Pitching for Athletic Club KC U-21 : RHP Carlos Rosado
|
Batting: RHB Tikaroa Hakapuna
|
0-0: Ball 1-0: Called Strike 1-1: Fly out, F7 (Line Drive, 7, EV 86.9 MPH)
|
Batting: RHB Chris Horton
|
0-0: Foul Ball, location: 2F 0-1: Ball 1-1: DOUBLE (Line Drive, 7LS, EV 100.6 MPH)
|
Batting: LHB Mark Mears
|
0-0: Foul Ball, location: 2F 0-1: Foul Ball, location: 2F 0-2: Ball 1-2: Ball 2-2: Fly out, F8 (Flyball, 78M, EV 92.5 MPH)
|
Batting: LHB Mike Minor
|
0-0: Fly out, F6 (Line Drive, 6, EV 66.9 MPH)
|
Bottom of the 3rd over - 0 runs, 1 hit, 0 errors, 1 left on base; Athletic Club KC 1 - Maine 1 |
TOP OF THE 4TH |
Athletic Club KC U-21 batting - Pitching for Maine Sea Dogs : RHP Ramón Vázquez
|
Batting: RHB Neal Lewis
|
0-0: Foul Ball, location: 2F 0-1: Foul Ball, location: 2F 0-2: Foul Ball, location: 2F 0-2: Hit by Pitch
|
Batting: RHB Leon Burns
|
0-0: Ball 1-0: Ball 2-0: Ball 3-0: Base on Balls Neal Lewis to second
|
Batting: RHB William Lane
|
0-0: Called Strike 0-1: Hit by Pitch Neal Lewis to third Leon Burns to second
|
Batting: SHB Tosya Mndoyants
|
0-0: DOUBLE (Flyball, 8RXD, EV 91.2 MPH) Neal Lewis scores Leon Burns scores William Lane to third
|
Batting: SHB Ross Evans
|
0-0: Ball 1-0: Fly out, F6 (Popup, 6MS, EV 68.1 MPH)
|
Batting: LHB Greg Flynn
|
0-0: Ball 1-0: Ball 2-0: Called Strike 2-1: Foul Ball, location: 2F 2-2: SINGLE (Groundball, 4, EV 104.4 MPH) (infield hit) William Lane scores Tosya Mndoyants to third
|
Pitching: RHP Rijk Blok
|
|
Batting: RHB Pedro Píaz
|
0-0: Swinging Strike 0-1: Fielders Choice at 2nd, 4-6 (Groundball, 4M, EV 101.9 MPH) Tosya Mndoyants scores
|
Batting: LHB Ron Whitney
|
0-0: Swinging Strike 0-1: Ball 1-1: Swinging Strike 1-2: Ball 2-2: Strikes out swinging
|
Top of the 4th over - 4 runs, 2 hits, 0 errors, 1 left on base; Athletic Club KC 5 - Maine 1 |
BOTTOM OF THE 4TH |
Maine Sea Dogs batting - Pitching for Athletic Club KC U-21 : RHP Carlos Rosado
|
Batting: RHB Robbie Clark
|
0-0: SINGLE (Groundball, 56D, EV 94.4 MPH)
|
Batting: RHB Jim Abare
|
0-0: Ball 1-0: Ball 2-0: Foul Ball, location: 2F 2-1: Ball 3-1: Base on Balls Robbie Clark to second
|
Batting: LHB Amani Marwan
|
0-0: SINGLE (Groundball, 4D, EV 105.0 MPH) Robbie Clark to third Jim Abare to second
|
Batting: RHB Michael Lindsey
|
0-0: Ball 1-0: Ball 2-0: Ball 3-0: Foul Ball, location: 2F 3-1: Foul Ball, location: 2F 3-2: Fly out, F6 (Popup, 6MS, EV 75.6 MPH)
|
Batting: RHB Max Brown
|
0-0: Ball 1-0: Foul Ball, location: 2F 1-1: Ball 2-1: Grounds into double play, 4-6-3 (Groundball, 4, EV 88.1 MPH)
|
Bottom of the 4th over - 0 runs, 2 hits, 0 errors, 2 left on base; Athletic Club KC 5 - Maine 1 |
TOP OF THE 5TH |
Athletic Club KC U-21 batting - Pitching for Maine Sea Dogs : RHP Rijk Blok
|
Batting: SHB Francisco Rojas
|
0-0: Swinging Strike 0-1: Ball 1-1: Called Strike 1-2: Foul Ball, location: 2F 1-2: Foul Ball, location: 2F 1-2: Ball 2-2: Strikes out swinging
|
Batting: RHB Neal Lewis
|
0-0: Called Strike 0-1: Foul Ball, location: 2F 0-2: Strikes out swinging
|
Batting: RHB Leon Burns
|
0-0: Foul Ball, location: 2F 0-1: SINGLE (Flyball, 89S, EV 89.4 MPH)
|
Batting: RHB William Lane
|
0-0: Foul Ball, location: 2F 0-1: Ball 1-1: Swinging Strike 1-2: Strikes out swinging
|
Top of the 5th over - 0 runs, 1 hit, 0 errors, 1 left on base; Athletic Club KC 5 - Maine 1 |
BOTTOM OF THE 5TH |
Maine Sea Dogs batting - Pitching for Athletic Club KC U-21 : RHP Carlos Rosado
|
Batting: RHB Tikaroa Hakapuna
|
0-0: Swinging Strike 0-1: Swinging Strike 0-2: Ball 1-2: Foul Ball, location: 2F 1-2: Ball 2-2: SINGLE (Groundball, 56D, EV 102.5 MPH)
|
Batting: RHB Chris Horton
|
0-0: Ball 1-0: Grounds into double play, 5-4-3 (Groundball, 56S, EV 82.5 MPH)
|
Batting: LHB Mark Mears
|
0-0: Ball 1-0: Foul Ball, location: 2F 1-1: Ball 2-1: Foul Ball, location: 2F 2-2: Foul Ball, location: 2F 2-2: Ball 3-2: Foul Ball, location: 2F 3-2: Foul Ball, location: 2F 3-2: Fly out, F4 (Popup, 4M, EV 72.5 MPH)
|
Bottom of the 5th over - 0 runs, 1 hit, 0 errors, 0 left on base; Athletic Club KC 5 - Maine 1 |
TOP OF THE 6TH |
Athletic Club KC U-21 batting - Pitching for Maine Sea Dogs : RHP Rijk Blok
|
Batting: SHB Tosya Mndoyants
|
0-0: Foul Ball, location: 2F 0-1: Fly out, F8 (Flyball, 78M, EV 80.0 MPH)
|
Batting: SHB Ross Evans
|
0-0: Called Strike 0-1: Foul Ball, location: 2F 0-2: Ball 1-2: Ball 2-2: Strikes out swinging
|
Batting: LHB Greg Flynn
|
0-0: Ball 1-0: Ball 2-0: Called Strike 2-1: Foul Ball, location: 2F 2-2: Foul Ball, location: 2F 2-2: Ball 3-2: Strikes out swinging
|
Top of the 6th over - 0 runs, 0 hits, 0 errors, 0 left on base; Athletic Club KC 5 - Maine 1 |
BOTTOM OF THE 6TH |
Maine Sea Dogs batting - Pitching for Athletic Club KC U-21 : RHP Carlos Rosado
|
Batting: LHB Mike Minor
|
0-0: Ball 1-0: Called Strike 1-1: Ball 2-1: Ground out 6-3 (Groundball, 6M, EV 83.1 MPH)
|
Batting: RHB Robbie Clark
|
0-0: Ground out 3-1 (Groundball, 34, EV 85.6 MPH)
|
Batting: RHB Jim Abare
|
0-0: Called Strike 0-1: Swinging Strike 0-2: Ball 1-2: Strikes out swinging
|
Bottom of the 6th over - 0 runs, 0 hits, 0 errors, 0 left on base; Athletic Club KC 5 - Maine 1 |
TOP OF THE 7TH |
Athletic Club KC U-21 batting - Pitching for Maine Sea Dogs : RHP Rijk Blok
|
Batting: RHB Pedro Píaz
|
0-0: Ball 1-0: Ball 2-0: Foul Ball, location: 2F 2-1: Ball 3-1: Swinging Strike 3-2: Fly out, F9 (Flyball, 9S, EV 70.0 MPH)
|
Batting: LHB Ron Whitney
|
0-0: Ball 1-0: Ball 2-0: Ball 3-0: Called Strike 3-1: Called Strike 3-2: Foul Ball, location: 2F 3-2: Fly out, F5 (Popup, 25F, EV 88.8 MPH)
|
Batting: SHB Francisco Rojas
|
0-0: Ball 1-0: Swinging Strike 1-1: Foul Ball, location: 2F 1-2: Ball 2-2: Strikes out swinging, 2-3 out at first.
|
Top of the 7th over - 0 runs, 0 hits, 0 errors, 0 left on base; Athletic Club KC 5 - Maine 1 |
BOTTOM OF THE 7TH |
Maine Sea Dogs batting - Pitching for Athletic Club KC U-21 : RHP Carlos Rosado
|
Batting: LHB Amani Marwan
|
0-0: Swinging Strike 0-1: Ball 1-1: Ball 2-1: DOUBLE (Line Drive, 78D, EV 98.8 MPH)
|
Pitching: LHP Keiran Dalley
|
|
Batting: RHB Michael Lindsey
|
0-0: 2-RUN HOME RUN (Flyball, 78XD, EV 113.8 MPH), Distance : 371 ft
|
Batting: RHB Max Brown
|
0-0: Ball 1-0: Called Strike 1-1: Called Strike 1-2: Ball 2-2: Ball 3-2: DOUBLE (Line Drive, 78D, EV 105.0 MPH)
|
Batting: RHB Tikaroa Hakapuna
|
0-0: Ball 1-0: Ball 2-0: Called Strike 2-1: Ball 3-1: Base on Balls
|
Pinch Hitting: RHB Colton Pennington
|
0-0: Called Strike 0-1: Foul Ball, location: 2F 0-2: Ball 1-2: Ball 2-2: Fly out, F9 (Flyball, 9D, EV 105.0 MPH) Runner from 2nd tags up, SAFE at 3rd, no throw by RF
|
Batting: LHB Mark Mears
|
0-0: Ball 1-0: Swinging Strike 1-1: Foul Ball, location: 2F 1-2: Ball 2-2: Strikes out swinging
|
Pinch Hitting: RHB Oliver Buss
|
0-0: Called Strike 0-1: Ball 1-1: Ball 2-1: Foul Ball, location: 2F 2-2: Ball 3-2: Base on Balls Tikaroa Hakapuna to second
|
Pinch Hitting: RHB Alonso Salgado
|
0-0: Fly out, F9 (Flyball, 9, EV 80.6 MPH)
|
Bottom of the 7th over - 2 runs, 3 hits, 0 errors, 3 left on base; Athletic Club KC 5 - Maine 3 |
TOP OF THE 8TH |
Athletic Club KC U-21 batting - Pitching for Maine Sea Dogs : RHP Rijk Blok
|
Pitching: RHP Jason Cannon
|
|
Now at 2B: Dan Quintana
|
|
Now in LF: Alonso Salgado
|
|
Now in RF: Bill Fisher
|
|
Batting: RHB Neal Lewis
|
0-0: Ball 1-0: Foul Ball, location: 2F 1-1: Ball 2-1: Ball 3-1: DOUBLE (Line Drive, 78XD, EV 108.1 MPH)
|
Batting: RHB Leon Burns
|
0-0: Foul Ball, location: 2F 0-1: Called Strike 0-2: Ball 1-2: Ball 2-2: Strikes out swinging
|
Batting: RHB William Lane
|
0-0: Foul Ball, location: 2F 0-1: Swinging Strike 0-2: Ground out 6-3 (Groundball, 56, EV 80.6 MPH)
|
Batting: SHB Tosya Mndoyants
|
0-0: Ground out 4-3 (Groundball, 4, EV 80.0 MPH)
|
Top of the 8th over - 0 runs, 1 hit, 0 errors, 1 left on base; Athletic Club KC 5 - Maine 3 |
BOTTOM OF THE 8TH |
Maine Sea Dogs batting - Pitching for Athletic Club KC U-21 : LHP Keiran Dalley
|
Batting: RHB Jim Abare
|
0-0: SINGLE (Groundball, 56D, EV 96.2 MPH)
|
Batting: LHB Amani Marwan
|
0-0: Ball 1-0: Fielders Choice at 2nd, 4-6 (Groundball, 4, EV 106.9 MPH)
|
Batting: RHB Michael Lindsey
|
0-0: Called Strike 0-1: Foul Ball, location: 2F 0-2: Ball 1-2: Fly out, F9 (Line Drive, 9, EV 87.5 MPH)
|
Batting: RHB Max Brown
|
0-0: Ball 1-0: Fly out, F7 (Flyball, 7S, EV 84.4 MPH)
|
Bottom of the 8th over - 0 runs, 1 hit, 0 errors, 1 left on base; Athletic Club KC 5 - Maine 3 |
TOP OF THE 9TH |
Athletic Club KC U-21 batting - Pitching for Maine Sea Dogs : RHP Jason Cannon
|
Batting: SHB Ross Evans
|
0-0: Ball 1-0: Swinging Strike 1-1: Foul Ball, location: 2F 1-2: Ball 2-2: Ground out 1-3 (Groundball, P, EV 66.9 MPH)
|
Batting: LHB Greg Flynn
|
0-0: Called Strike 0-1: Ball 1-1: Swinging Strike 1-2: Ball 2-2: SINGLE (Flyball, 7LS, EV 94.4 MPH)
|
Batting: RHB Pedro Píaz
|
0-0: Ball 1-0: Grounds into double play, 6-4-3 (Groundball, 6, EV 91.9 MPH)
|
Top of the 9th over - 0 runs, 1 hit, 0 errors, 0 left on base; Athletic Club KC 5 - Maine 3 |
BOTTOM OF THE 9TH |
Maine Sea Dogs batting - Pitching for Athletic Club KC U-21 : LHP Keiran Dalley
|
Pitching: LHP Pedro Árias
|
|
Batting: RHB Tikaroa Hakapuna
|
0-0: Called Strike 0-1: Swinging Strike 0-2: Ball 1-2: Ball 2-2: Ground out 6-3 (Groundball, 6M, EV 98.8 MPH)
|
Batting: LHB Dan Quintana
|
0-0: Called Strike 0-1: Called Strike 0-2: SINGLE (Groundball, 6, EV 99.4 MPH) (infield hit)
|
Batting: LHB Mark Mears
|
0-0: Called Strike 0-1: Ball 1-1: Foul Ball, location: 2F 1-2: Foul Ball, location: 2F 1-2: Ball 2-2: Ball 3-2: Strikes out swinging
|
Pinch Hitting: RHB Wu-ji Hsia
|
0-0: Ball 1-0: Foul Ball, location: 2F 1-1: Ball 2-1: Ball 3-1: Base on Balls Dan Quintana to second
|
Batting: RHB Alonso Salgado
|
0-0: Called Strike 0-1: DOUBLE (Line Drive, 7LS, EV 95.0 MPH) Dan Quintana scores Wu-ji Hsia to third Runner from 3rd tries for Home, SAFE, throw by LF to trailing runner, SAFE at third!
|
Batting: RHB Jim Abare
|
0-0: Intentional Walk
|
Batting: LHB Amani Marwan
|
0-0: Called Strike 0-1: Called Strike 0-2: Ball 1-2: Strikes out looking
|
Bottom of the 9th over - 2 runs, 2 hits, 0 errors, 2 left on base; Athletic Club KC 5 - Maine 5 |
TOP OF THE 10TH |
Athletic Club KC U-21 batting - Pitching for Maine Sea Dogs : RHP Jason Cannon
|
Pitching: RHP Ben Nederhof
|
|
Now in RF: Michael Weber
|
|
Pinch Hitting: RHB Daniel Hannaford
|
0-0: Ball 1-0: Called Strike 1-1: SINGLE (Line Drive, 89S, EV 90.0 MPH)
|
Batting: SHB Francisco Rojas
|
0-0: Called Strike 0-1: Ball 1-1: Ball 2-1: Sac Bunt to P - play at first, batter OUT! 1-3 Daniel Hannaford to second
|
Batting: RHB Neal Lewis
|
0-0: Ball Daniel Hannaford steals 3rd base 1-0: Called Strike 1-1: SINGLE (Groundball, 6M, EV 103.8 MPH) Daniel Hannaford scores
|
Batting: RHB Leon Burns
|
0-0: Called Strike 0-1: Swinging Strike 0-2: Fly out, F8 (Flyball, 8RS, EV 95.0 MPH)
|
Batting: RHB William Lane
|
0-0: Ball 1-0: Foul Ball, location: 2F 1-1: Ball 2-1: Ground out 6-3 (Groundball, 6S, EV 87.5 MPH)
|
Top of the 10th over - 1 run, 2 hits, 0 errors, 1 left on base; Athletic Club KC 6 - Maine 5 |
BOTTOM OF THE 10TH |
Maine Sea Dogs batting - Pitching for Athletic Club KC U-21 : LHP Pedro Árias
|
Pitching: RHP Júlio Ibáñaz
|
|
Now in LF: Daniel Hannaford
|
|
Batting: RHB Michael Lindsey
|
0-0: Foul Ball, location: 2F 0-1: Ball 1-1: Ball 2-1: Ball 3-1: Base on Balls
|
Pinch Hitting: SHB George McMahon
|
0-0: Called Strike 0-1: Ball 1-1: Ball 2-1: Fly out, F9 (Flyball, 9, EV 79.4 MPH)
|
Batting: RHB Tikaroa Hakapuna
|
0-0: SINGLE (Groundball, 6S, EV 64.4 MPH) (infield hit) Michael Lindsey to second
|
Batting: LHB Dan Quintana
|
0-0: Ball 1-0: Ball 2-0: Called Strike 2-1: Ball 3-1: Base on Balls Michael Lindsey to third Tikaroa Hakapuna to second
|
Batting: LHB Mark Mears
|
0-0: SINGLE (Groundball, 4, EV 100.0 MPH) (infield hit) Michael Lindsey scores Tikaroa Hakapuna to third Dan Quintana to second
|
Batting: RHB Michael Weber
|
0-0: Ball 1-0: Foul Ball, location: 2F 1-1: Swinging Strike 1-2: Ball 2-2: Foul Ball, location: 2F 2-2: Foul Ball, location: 2F 2-2: Ball 3-2: Foul Ball, location: 2F 3-2: Foul Ball, location: 2F 3-2: Foul Ball, location: 2F 3-2: Foul Ball, location: 2F 3-2: Strikes out swinging
|
Pitching: RHP António Gallegos
|
|
Batting: RHB Alonso Salgado
|
0-0: Fly out, F7 (Flyball, 7LM, EV 82.5 MPH)
|
Bottom of the 10th over - 1 run, 2 hits, 0 errors, 3 left on base; Athletic Club KC 6 - Maine 6 |
TOP OF THE 11TH |
Athletic Club KC U-21 batting - Pitching for Maine Sea Dogs : RHP Ben Nederhof
|
Now at SS: George McMahon
|
|
Batting: SHB Tosya Mndoyants
|
0-0: Ball 1-0: Ball 2-0: Ball 3-0: Called Strike 3-1: Foul Ball, location: 2F 3-2: Strikes out swinging
|
Pinch Hitting: LHB Carl Zimerman
|
0-0: Foul Ball, location: 2F 0-1: Ball 1-1: Ball 2-1: Fly out, F8 (Line Drive, 8LD, EV 89.4 MPH)
|
Batting: LHB Greg Flynn
|
0-0: Swinging Strike 0-1: Ball 1-1: Foul Ball, location: 2F 1-2: SINGLE (Groundball, 4MS, EV 88.1 MPH) (infield hit)
|
Batting: RHB Pedro Píaz
|
0-0: Ball 1-0: Called Strike 1-1: Foul Ball, location: 2F 1-2: Strikes out swinging
|
Top of the 11th over - 0 runs, 1 hit, 0 errors, 1 left on base; Athletic Club KC 6 - Maine 6 |
BOTTOM OF THE 11TH |
Maine Sea Dogs batting - Pitching for Athletic Club KC U-21 : RHP António Gallegos
|
Now in CF: Carl Zimerman
|
|
Batting: RHB Jim Abare
|
0-0: Ball 1-0: Swinging Strike 1-1: Swinging Strike 1-2: Foul Ball, location: 2F 1-2: Foul Ball, location: 2F 1-2: Strikes out swinging
|
Batting: LHB Amani Marwan
|
0-0: Ball 1-0: Ball 2-0: Ball 3-0: Called Strike 3-1: Base on Balls
|
Batting: RHB Michael Lindsey
|
0-0: Fly out, F5 (Popup, 56, EV 78.1 MPH)
|
Batting: SHB George McMahon
|
0-0: Swinging Strike 0-1: SINGLE (Groundball, 56D, EV 100.0 MPH) Amani Marwan to second
|
Batting: RHB Tikaroa Hakapuna
|
0-0: Called Strike 0-1: Fly out, F8 (Line Drive, 8LD, EV 85.0 MPH)
|
Bottom of the 11th over - 0 runs, 1 hit, 0 errors, 2 left on base; Athletic Club KC 6 - Maine 6 |
TOP OF THE 12TH |
Athletic Club KC U-21 batting - Pitching for Maine Sea Dogs : RHP Ben Nederhof
|
Batting: RHB Daniel Hannaford
|
0-0: Ball 1-0: Ball 2-0: Ball 3-0: Called Strike 3-1: Called Strike 3-2: Base on Balls
|
Pitching: RHP Ki-tong Teoh
|
|
Batting: SHB Francisco Rojas
|
Pickoff Throw to First - Error! E1 Daniel Hannaford to second 0-0: Swinging Strike 0-1: Ball 1-1: Called Strike 1-2: Foul Ball, location: 2F 1-2: Fly out, F7 (Flyball, 7LM, EV 73.8 MPH)
|
Batting: RHB Neal Lewis
|
0-0: Ball 1-0: Ball 2-0: Foul Ball, location: 2F 2-1: Swinging Strike 2-2: Strikes out swinging
|
Pinch Hitting: SHB Emílio Jover
|
0-0: Ball 1-0: Called Strike 1-1: Ball 2-1: Ball 3-1: DOUBLE (Line Drive, 89D, EV 106.2 MPH) Daniel Hannaford scores
|
Batting: RHB William Lane
|
0-0: Ball 1-0: Foul Ball, location: 2F 1-1: Swinging Strike 1-2: Strikes out swinging
|
Top of the 12th over - 1 run, 1 hit, 1 error, 1 left on base; Athletic Club KC 7 - Maine 6 |
BOTTOM OF THE 12TH |
Maine Sea Dogs batting - Pitching for Athletic Club KC U-21 : RHP António Gallegos
|
Now at 3B: Zhao-ji Siu
|
|
Batting: LHB Dan Quintana
|
0-0: Foul Ball, location: 2F 0-1: Ball 1-1: Swinging Strike 1-2: Strikes out swinging
|
Batting: LHB Mark Mears
|
0-0: Ball 1-0: Ball 2-0: Called Strike 2-1: Foul Ball, location: 2F 2-2: Ball 3-2: Foul Ball, location: 2F 3-2: Foul Ball, location: 2F 3-2: Ground out 4-3 (Groundball, 34, EV 82.5 MPH)
|
Batting: RHB Michael Weber
|
0-0: Called Strike 0-1: Ball 1-1: Foul Ball, location: 2F 1-2: Strikes out swinging
|
Bottom of the 12th over - 0 runs, 0 hits, 0 errors, 0 left on base; Athletic Club KC 7 - Maine 6 |
|